[Event "Early-Titled-Tuesday-Blitz-October-03-2023"]
[Site "Chess.com"]
[Date "2023.10.03"]
[Round "1"]
[White "Sanyura"]
[Black "Kotofeyca"]
[Result "0-1"]
[WhiteElo "2664"]
[BlackElo "2390"]
[TimeControl "180+1"]
[EndTime "8:07:29 PDT"]
[Termination "Kotofeyca won by resignation"]

1. e4 c5 2. Nf3 d6 3. d4 cxd4 4. Nxd4 Nf6 5. Nc3 a6 6. g3 e5 7. Nb3 b5 8. a4 b4 9. Nd5 Bb7 10.
Bg2 Bxd5 11. exd5 a5 12. O-O Be7 13. Bd2 O-O 14. c3 Na6 15. cxb4 Nxb4 16. Bxb4 axb4 17. Qd3 Nd7 18. a5 Qb8 19. Rfc1 f5 20. a6 e4 21. Qe2 Bf6 22. Na5 Nc5 23. Nc6 Qb6 24. Ra5 Nb3 25.
Rca1 Nxa5 26. Rxa5 Rfc8 27. Ra4 b3 28. a7 Rxc6 29.
dxc6 Qxc6 30. Ra6 Qc5 31. Bf1 d5 32. Rxf6 gxf6 33. Qa6 Qxa7 34. Qxf6 Qf7 35. Qg5+ Qg6 36. Qd2 Rd8 37. Qa5 Qd6 38. Qb5 d4 39. Qxb3+ Kh8 40.
Qb5 d3 41. Qxf5 d2 0-1

[Event "Early-Titled-Tuesday-Blitz-October-03-2023"]
[Site "Chess.com"]
[Date "2023.10.03"]
[Round "1"]
[White "MatyChess1"]
[Black "fabianvivasz"]
[Result "0-1"]
[WhiteElo "2729"]
[BlackElo "2438"]
[TimeControl "180+1"]
[EndTime "8:07:30 PDT"]
[Termination "fabianvivasz won by resignation"]

1. e4 e5 2. Nf3 Nc6 3. Bc4 Nf6 4. d3 Bc5 5. c3 O-O 6. Bb3 d5 7. Nbd2 a5 8. O-O Be6 9. h3 h6 10. Re1 Re8 11. Ba4 dxe4 12. dxe4 Nh5 13. Nb3 Bb6 14. Qxd8 Raxd8 15. Bxc6 bxc6 16. Nxe5 Bxb3 17. Nxc6 Rd1 18. Rxd1 Bxd1 19. Be3 Ba4 20. Nd4 Rxe4 21. b3 Bd7 22.
Rd1 Nf6 23. g4 Be6 24. Kf1 Bxd4 25. Bxd4 Nd5 26. f3 Rf4 27. Kf2 h5 28. Be5 hxg4 29.
hxg4 g5 30. c4 Nb4 31. Bxf4 gxf4 32. Rd8+ Kg7 33. Ra8 Nxa2 34. Rxa5 Nc1 35. Rc5 Nd3+ 36. Ke2 Nxc5 37. Kd2 Nxb3+ 38. Kc3 Na5 39. Kd4 Nxc4 40.
Kc5 Nd2 41. Kd4 Nxf3+ 42. Ke4 Ne5 43. Kxf4 Nxg4 44. Ke4 Nf6+ 45. Kd4 Nd5 46. Kc5 f5 47. Kd4 Kf6 48. Kd3 f4 49. Kc2 c5 0-1

[Event "Early-Titled-Tuesday-Blitz-October-03-2023"]
[Site "Chess.com"]
[Date "2023.10.03"]
[Round "1"]
[White "HanSchut"]
[Black "LoaySameer"]
[Result "1-0"]
[WhiteElo "2332"]
[BlackElo "2611"]
[TimeControl "180+1"]
[EndTime "8:07:30 PDT"]
[Termination "HanSchut won by resignation"]

1. e4 c5 2. Nf3 Nc6 3. d4 cxd4 4. Nxd4 Nf6 5. Nc3 e5 6. Ndb5 d6 7. Nd5 Nxd5 8. exd5 Ne7 9. c3 Nf5 10. a4 Be7 11.
Bd3 O-O 12. O-O Nh4 13. f4 a6 14. Na3 f5 15. Nc4 Ng6 16. fxe5 Nxe5 17. a5 Nxc4 18. Bxc4 Bf6 19. Bf4 g5 20. Be3 f4 21. Bb6 Qe8 22.
Qe2 Qf7 23. Rae1 Bf5 24. Bd3 Rae8 25. Qc2 Bxd3 26. Qxd3 Be5 27. b4 Rc8 28. c4 Qg7 29.
Kh1 g4 30. c5 h5 31. c6 bxc6 32. dxc6 Rxc6 33. Qd5+ Kh8 34. Qxc6 h4 35. Rxe5 dxe5 36. Bc5 Rg8 37. Qe4 h3 38. gxh3 gxh3 39. Rg1 Qd7 40. Qxe5+ Rg7 41. Qxg7+ Qxg7 42. Rxg7 Kxg7 43. Bd6 f3 44. Kg1 Kf6 45. Kf2 Ke6 46. Bc5 Kd5 47. Kxf3 1-0

[Event "Early-Titled-Tuesday-Blitz-October-03-2023"]
[Site "Chess.com"]
[Date "2023.10.03"]
[Round "1"]
[White "GMBenjaminBok"]
[Black "Gentlejimmy7"]
[Result "1-0"]
[WhiteElo "3004"]
[BlackElo "2506"]
[TimeControl "180+1"]
[EndTime "8:07:31 PDT"]
[Termination "GMBenjaminBok won by resignation"]

1. d4 f5 2. g3 Nf6 3. Bg2 g6 4. Nf3 Bg7 5. O-O O-O 6. c4 d6 7. Nc3 c6 8. b3 Qa5 9. Bb2 e5 10. Qd2 e4 11. Nxe4 Qxd2 12. Nexd2 a5 13. Rfe1 Re8 14.
e3 a4 15. b4 a3 16. Bc3 Ra4 17. Rab1 b5 18. d5 bxc4 19. dxc6 Nxc6 20. Nxc4 Rd8 21. Nfd2 d5 22. Nb6 Ra7 23. Bxf6 Bxf6 24. Nxc8 Rxc8 25. Bxd5+ Kf8 26. Rec1 Rac7 27. b5 Na5 28.
Rxc7 Rxc7 29. b6 Rc2 30. Rb5 Bc3 31. Nb3 Rb2 32. b7 Nxb7 33. Rxb7 Rxa2 34. Nc5 Rd2 35.
Ne6+ Kg8 36. Bc4 a2 37. Ng5+ Kf8 38. Rf7+ Ke8 39. Bxa2 Rxa2 40. Rxh7 Be1 41. Nh3 Kf8 42. Kf1 Bd2 43. Rd7 Ra1+ 44. Kg2 Ra2 45. Kf3 Be1 46.
Rd1 Bc3 47. Nf4 Kf7 48. h4 Ra7 49. Rc1 Be5 50. Rc6 Bxf4 51. Kxf4 Ra2 52. f3 Ra4+ 53.
Kg5 Ra3 54. Rf6+ Ke7 55. Kxg6 Rxe3 56. Rxf5 Ke6 57. Rf6+ Ke7 58. h5 Re1 59. h6 Rh1 60. h7 Rxh7 61. Kxh7 Kxf6 62. Kh6 Kf5 63. Kh5 1-0

[Event "Early-Titled-Tuesday-Blitz-October-03-2023"]
[Site "Chess.com"]
[Date "2023.10.03"]
[Round "1"]
[White "Gurvich_Vitaly"]
[Black "Rozhkov_V"]
[Result "1-0"]
[WhiteElo "2760"]
[BlackElo "2428"]
[TimeControl "180+1"]
[EndTime "8:07:31 PDT"]
[Termination "Gurvich_Vitaly won by checkmate"]

1. e4 e6 2. d4 d5 3. Nc3 Bb4 4.
e5 c5 5. a3 Bxc3+ 6. bxc3 Ne7 7. Nf3 b6 8. a4 Ba6 9. Bb5+ Bxb5 10. axb5 Qd7 11. Qe2 c4 12. Ba3 Qxb5 13. O-O Qd7 14. Ng5 h6 15. Nh3 Nbc6 16. Nf4 O-O-O 17. Nh5 Rdg8 18.
Rfb1 Nf5 19. Qf3 f6 20. g4 Nh4 21. Qg3 fxe5 22. dxe5 Qd8 23. Bd6 g5 24. Nf6 Rg7 25.
Rb5 Kb7 26. Qe3 h5 27. gxh5 Nf5 28. Qf3 Nxd6 29. exd6 Qxd6 30. Qg3 Qe7 31. Ng4 Rxh5 32. Qe3 Rh4 33. Rxa7+ Kxa7 34. Qxb6+ Ka8 35. Qxc6+ Ka7 36.
Ra5+ Kb8 37. Ra8# 1-0

[Event "Early-Titled-Tuesday-Blitz-October-03-2023"]
[Site "Chess.com"]
[Date "2023.10.03"]
[Round "1"]
[White "Airquake"]
[Black "Mihajlovskij"]
[Result "0-1"]
[WhiteElo "2588"]
[BlackElo "2295"]
[TimeControl "180+1"]
[EndTime "8:07:31 PDT"]
[Termination "Mihajlovskij won on time"]

1. g3 Nf6 2. Bg2 g6 3. Nf3 Bg7 4. O-O O-O 5. d4 d6 6. c4 c5 7. Nc3 Nc6 8. d5 Na5 9. Nd2 a6 10. e4 Rb8 11. a4 Bd7 12. Qe2 b5 13. axb5 axb5 14. cxb5 Qb6 15. Re1 Bxb5 16. Nxb5 Qxb5 17. Qxb5 Rxb5 18. Bf1 c4 19. Nxc4 Nxc4 20. Bxc4 Rb4 21.
Bd3 Ng4 22. Re2 Ne5 23. Bb1 Nf3+ 24. Kg2 Nd4 25. Re3 Nb3 26. Rxb3 Rxb3 27. Bc2 Rb7 28. Ra6 Bxb2 29. Bg5 f6 30. Bh6 Rfb8 31. Ba4 Bd4 32. Rc6 Rb2 33. Bc2 Bc5 34. Bd1 Rxf2+ 35. Kh3 f5 36. exf5 gxf5 37. Bh5 Rd2 38. Bxd2 Kg7 39. Bg5 Rb2 40. Rxc5 dxc5 41. Bxe7 Rd2 42. d6 c4 43. Be8 c3 44. d7 c2 45. Ba3 Kf6 46. g4 f4 47. Bc1 Rd4 48. Kh4 Ke7 0-1

[Event "Early-Titled-Tuesday-Blitz-October-03-2023"]
[Site "Chess.com"]
[Date "2023.10.03"]
[Round "1"]
[White "AleksandrAleksikov"]
[Black "RichardLeyvaP"]
[Result "0-1"]
[WhiteElo "2210"]
[BlackElo "2576"]
[TimeControl "180+1"]
[EndTime "8:07:31 PDT"]
[Termination "RichardLeyvaP won on time"]

1. e4 e5 2. Nf3 Nc6 3. c3 Nf6 4. d4 d6 5. Bb5 Bd7 6. O-O Be7 7. Re1 O-O 8. Ba4 h6 9. Nbd2 Re8 10. a3 Bf8 11. h3 a6 12. Bc2 g6 13. Nf1 Bg7 14.
dxe5 Nxe5 15. Nxe5 dxe5 16. Ng3 Qe7 17. Be3 Red8 18. Qc1 Kh7 19. b4 Be6 20. Qb2 Rd7 21.
Rad1 Rad8 22. Rxd7 Rxd7 23. Bb3 Bxb3 24. Qxb3 h5 25.
Bg5 Bh6 26. Bxh6 Kxh6 27. Qc2 h4 28. Nf1 Qd6 29. f3 Nh5 30. Ne3 Qd3 31. Qc1 Kg7 32.
Rd1 Qb5 33. Rxd7 Qxd7 34. Qd1 Qe7 35. Nd5 Qg5 36. Nxc7 Nf4 37. Qc2 Nxh3+ 38. Kh1 Nf4 39. Nd5 h3 40. g4 Qh4 41. Nxf4 exf4 42. Qe2 Qg3 43. c4 Qh4 44. c5 Qf6 45. Kh2 Qc3 46.
Kxh3 Qxa3 47. Qd2 Qa1 0-1

[Event "Early-Titled-Tuesday-Blitz-October-03-2023"]
[Site "Chess.com"]
[Date "2023.10.03"]
[Round "1"]
[White "MITerryble"]
[Black "JoliyRoger"]
[Result "1-0"]
[WhiteElo "2978"]
[BlackElo "2506"]
[TimeControl "180+1"]
[EndTime "8:07:32 PDT"]
[Termination "MITerryble won on time"]

1. d4 Nf6 2. Nf3 e6 3. c4 c5 4. dxc5 Bxc5 5. e3 b6 6. a3 Bb7 7. b4 Be7 8. Bb2 O-O 9. Nbd2 d6 10. Be2 Nbd7 11. O-O a6 12. Rc1 Rc8 13. Qb3 Rc7 14. Rfd1 Qa8 15. Ne1 Rfc8 16. f3 h6 17. e4 Ne5 18.
Nd3 Ng6 19. Bd4 Nd7 20. Qb2 Bf8 21. Kh1 Bc6 22. Rf1 Bb7 23. Qa1 Bc6 24. Rc3 Bb7 25. Rfc1 Be7 26. Nf1 Bg5 27. R1c2 e5 28. Bf2 Bc6 29. a4 Bb7 30. a5 b5 31. cxb5 Rxc3 32. Rxc3 axb5 33. Ne3 Nf4 34. Nxf4 Bxf4 35. Bxb5 Rxc3 36.
Qxc3 Nf6 37. Qd3 Bxe3 38. Bxe3 d5 39. a6 Bc8 40. exd5 Nxd5 41. Bc5 1-0

[Event "Early-Titled-Tuesday-Blitz-October-03-2023"]
[Site "Chess.com"]
[Date "2023.10.03"]
[Round "1"]
[White "ploxoi"]
[Black "attack2mateU"]
[Result "1-0"]
[WhiteElo "2444"]
[BlackElo "2738"]
[TimeControl "180+1"]
[EndTime "8:07:32 PDT"]
[Termination "ploxoi won by resignation"]

1. d4 Nf6 2. c4 g6 3. Nc3 d5 4.
cxd5 Nxd5 5. e4 Nxc3 6. bxc3 Bg7 7. Bc4 c5 8. Ne2 Nc6 9. Be3 O-O 10. O-O b6 11. Rc1 Bb7 12. Qd2 Rc8 13. Rfd1 cxd4 14. cxd4 Na5 15. Bd3 Rxc1 16. Rxc1 Qd7 17. d5 Rc8 18.
Bd4 Bxd4 19. Nxd4 Rxc1+ 20. Qxc1 e6 21. Bb5 Qd6 22. Bc6 exd5 23. exd5 Nxc6 24. dxc6 Ba6 25. Nf3 Qc5 26. Qxc5 bxc5 27. Ne5 c4 28. Kf1 c3+ 29. Ke1 Kf8 30. Kd1 Ke7 31. Kc2 f6 32. Ng4 Bc4 33. a3 Be6 34. Ne3 Kd6 35. Kxc3 Kxc6 36. Kb4 h5 37. h4 g5 38. g3 Kd6 39. f4 gxh4 40. gxh4 Kc6 41. Nf1 Kd5 42. Ng3 Bg4 43.
Kc3 Kc5 44. Ne4+ Kd5 45. Nxf6+ Ke6 46. Nxg4 hxg4 47. Kd4 Kf5 48. Ke3 g3 49. h5 g2 50.
Kf2 Kxf4 51. h6 1-0

[Event "Early-Titled-Tuesday-Blitz-October-03-2023"]
[Site "Chess.com"]
[Date "2023.10.03"]
[Round "1"]
[White "GaiozNigalidze"]
[Black "N4700000"]
[Result "1-0"]
[WhiteElo "2747"]
[BlackElo "2419"]
[TimeControl "180+1"]
[EndTime "8:07:32 PDT"]
[Termination "GaiozNigalidze won on time"]

1. d4 Nf6 2. c4 g6 3. Nc3 Bg7 4. e4 d6 5. Nf3 O-O 6. h3 e5 7. d5 a5 8. Bd3 Na6 9. a3 Nc5 10.
Bc2 Bd7 11. Bg5 h6 12. Bxf6 Qxf6 13. b4 axb4 14. axb4 Na6 15. Rb1 Qe7 16. g4 f5 17.
gxf5 gxf5 18. Qe2 fxe4 19. Nxe4 Rf4 20. Nfd2 Raf8 21. Qe3 Kh8 22. Rg1 Bf5 23. Rb3 Qf7 24. Rg3 Bh7 25. Rg4 Qh5 26. Qg3 R8f7 27. Bd1 Rxg4 28.
Qxg4 Qxg4 29. hxg4 Rf4 30. f3 Bf6 31. Ke2 Bg5 32.
Bc2 Rf8 33. Nf1 Bxe4 34. Bxe4 Bf4 35. Rb1 Kg7 36. Ne3 Bxe3 37. Kxe3 Kf6 38. Kd3 Kg5 39. Ke3 Rf7 40. Rh1 Nxb4 41. Rh5+ Kf6 42. Rxh6+ Ke7 43.
Re6+ Kf8 44. Rh6 1-0

[Event "Early-Titled-Tuesday-Blitz-October-03-2023"]
[Site "Chess.com"]
[Date "2023.10.03"]
[Round "1"]
[White "ivana_999"]
[Black "Aariow"]
[Result "1-0"]
[WhiteElo "2034"]
[BlackElo "2503"]
[TimeControl "180+1"]
[EndTime "8:07:32 PDT"]
[Termination "ivana_999 won by resignation"]

1. d4 d5 2. c4 e6 3. Nc3 Nf6 4.
Bg5 Nbd7 5. Nf3 c6 6. e3 Qa5 7. cxd5 Nxd5 8. Qb3 b6 9. Be2 Ba6 10. Bxa6 Qxa6 11. Nxd5 exd5 12. Rc1 Qa5+ 13. Nd2 Bb4 14. Qc2 Rc8 15. a3 Bd6 16. O-O O-O 17. Qd3 Rfe8 18.
Bh4 Nf8 19. Bg3 Bxg3 20. hxg3 c5 21. dxc5 bxc5 22. Nf3 Red8 23. Rfd1 Ne6 24. Qc3 Qb6 25. Qe5 f6 26. Qf5 Qd6 27. Qc2 Rb8 28. Rd3 Rb5 29. Rb3 Rdb8 30. Rxb5 Rxb5 31. Nd2 Kf7 32. Nf3 d4 33.
exd4 cxd4 34. Qxh7 Rxb2 35. Qh5+ g6 36. Qh7+ Ng7 37. Rc8 Rb1+ 38. Kh2 Qd5 39. Qg8+ Ke7 40. Qxd5 1-0

[Event "Early-Titled-Tuesday-Blitz-October-03-2023"]
[Site "Chess.com"]
[Date "2023.10.03"]
[Round "1"]
[White "Arifarsky"]
[Black "verrbaa"]
[Result "1-0"]
[WhiteElo "2820"]
[BlackElo "2466"]
[TimeControl "180+1"]
[EndTime "8:07:34 PDT"]
[Termination "Arifarsky won on time"]

1. d4 Nf6 2. c4 e6 3. Nf3 d5 4. Nc3 Bb4 5. Qa4+ Nc6 6. e3 O-O 7. Qc2 a6 8. cxd5 exd5 9. Bd3 Re8 10. O-O Bg4 11. Nd2 Bd6 12. a3 Bh5 13. h3 Bg6 14. b4 Ne7 15. Bb2 a5 16. b5 Qd7 17. a4 Nc8 18.
Nf3 Nb6 19. Rfd1 Ne4 20. Bxe4 dxe4 21. Ne5 Bxe5 22. dxe5 Qe6 23. Ne2 Rac8 24. Nf4 Qc4 25. Qb1 Nxa4 26. Rd4 Nxb2 27. Rxc4 Nxc4 28. e6 fxe6 29.
Nxg6 hxg6 30. Qxe4 Nd6 31. Qxg6 b6 32. Ra4 Rf8 33.
Qxe6+ Rf7 34. Rf4 Re8 35. Qd5 Kf8 36. Rxf7+ Nxf7 37. g4 Re7 38. Kg2 Nd6 39. h4 a4 40.
Qa2 Re4 41. f3 Rc4 42. Kg3 Rb4 43. Qc2 a3 44. Qxc7 Ne8 45. Qxb6 Ra4 46. Qc5+ Kf7 47. Qd5+ Kf8 48. Qb3 a2 49. Qxa4 1-0

[Event "Early-Titled-Tuesday-Blitz-October-03-2023"]
[Site "Chess.com"]
[Date "2023.10.03"]
[Round "1"]
[White "RianKapriaga"]
[Black "mr_gustavo"]
[Result "1-0"]
[WhiteElo "2351"]
[BlackElo "2612"]
[TimeControl "180+1"]
[EndTime "8:07:34 PDT"]
[Termination "RianKapriaga won by checkmate"]

1. d4 Nf6 2. Nf3 d6 3. c4 Nbd7 4. Nc3 g6 5. Bg5 Bg7 6. e3 O-O 7. Be2 c5 8. d5 h6 9. Bh4 g5 10. Bg3 Nh5 11. Nd2 Nxg3 12. hxg3 Nf6 13. Bd3 e6 14. O-O exd5 15. cxd5 Re8 16. Nc4 Qe7 17.
a4 Ng4 18. Re1 Ne5 19. Nxe5 Qxe5 20. a5 Bd7 21. Ra3 f5 22. Rb3 Rab8 23. Bb5 Bxb5 24.
Nxb5 Qe7 25. Nxa7 c4 26. Rb6 c3 27. bxc3 Bxc3 28. Nb5 Bxe1 29. Qxe1 Red8 30. Qb4 Rbc8 31. Nxd6 Rc1+ 32. Kh2 Rf1 33. Nxb7 Qg7 34. Nxd8 Qa1 35. Rg6+ Kh7 36. Qe7+ Kxg6 37. Qf7# 1-0

[Event "Early-Titled-Tuesday-Blitz-October-03-2023"]
[Site "Chess.com"]
[Date "2023.10.03"]
[Round "1"]
[White "Alexandr_Predke"]
[Black "ExchangeAB"]
[Result "0-1"]
[WhiteElo "2848"]
[BlackElo "2505"]
[TimeControl "180+1"]
[EndTime "8:07:35 PDT"]
[Termination "ExchangeAB won on time"]

1. d4 d5 2. Nf3 c6 3. c3 Nf6 4.
Bf4 Bf5 5. Qb3 Qb6 6. Nh4 Bg4 7.
h3 Bh5 8. g4 Bg6 9. Nd2 Nbd7 10. Nxg6 hxg6 11. Bg2 e6 12. e4 dxe4 13. Nxe4 Nxe4 14.
Bxe4 Nf6 15. Bg2 Nd5 16. Bg3 g5 17. O-O Nf4 18. Bxf4 gxf4 19. Qxb6 axb6 20. a4 Kd7 21. b4 Kc7 22. Rfb1 g5 23. b5 c5 24. a5 Rxa5 25.
Rxa5 bxa5 26. b6+ Kb8 27. Rb5 cxd4 28. Rxa5 f6 29. Be4 Rg8 30. cxd4 Rg7 31. d5 e5 32. Bf5 Bd6 33. Kg2 Rg8 34. Rb5 Rd8 35. f3 Ba3 36.
Be6 Bc1 37. Rc5 Be3 38. Rc7 Bxb6 39. Rf7 Bd4 40. Kf1 b5 41. Bd7 b4 42. Bc6 Bc3 43.
Ke2 Rd6 44. Kd3 Kc8 45. Rb7 Be1 46. Kc4 Bf2 0-1

[Event "Early-Titled-Tuesday-Blitz-October-03-2023"]
[Site "Chess.com"]
[Date "2023.10.03"]
[Round "1"]
[White "kidagent"]
[Black "Sadykov_Ramil"]
[Result "0-1"]
[WhiteElo "2266"]
[BlackElo "2606"]
[TimeControl "180+1"]
[EndTime "8:07:35 PDT"]
[Termination "Sadykov_Ramil won by resignation"]

1. e4 e6 2. d4 d5 3. Nd2 Be7 4.
Ngf3 Nf6 5. e5 Nfd7 6. Bd3 c5 7. c3 b6 8. O-O Ba6 9. Qe2 Bxd3 10. Qxd3 c4 11.
Qe2 Nc6 12. b3 b5 13. a4 a6 14. Ne1 Nb6 15. a5 Nd7 16. b4 Nxb4 17. cxb4 Bxb4 18. Nc2 Be7 19. f4 g6 20. g4 Nb8 21. f5 gxf5 22. gxf5 Kd7 23. fxe6+ fxe6 24. Ba3 Nc6 25. Bxe7 Qxe7 26.
Qh5 Raf8 27. Rxf8 Rxf8 28. Rf1 Rxf1+ 29. Nxf1 b4 30. Qd1 b3 31. Nce3 b2 32. Qc2 Qb4 33.
Nd2 Nxd4 34. Qxh7+ Kc6 35. Nef1 c3 36. Qa7 Kb5 37.
Qb7+ Kxa5 38. Qc7+ Ka4 39. Qd7+ Qb5 40. Qxb5+ axb5 41. Nb1 c2 0-1

[Event "Early-Titled-Tuesday-Blitz-October-03-2023"]
[Site "Chess.com"]
[Date "2023.10.03"]
[Round "1"]
[White "ChesscularGodofchess"]
[Black "Journey_to_GrandMaster_YT"]
[Result "0-1"]
[WhiteElo "2183"]
[BlackElo "2553"]
[TimeControl "180+1"]
[EndTime "8:07:35 PDT"]
[Termination "Journey_to_GrandMaster_YT won by checkmate"]

1. d4 d6 2. Nf3 Nf6 3. Nbd2 Nbd7 4. e4 e5 5. c3 c6 6. a4 a5 7.
Bc4 Be7 8. O-O O-O 9. Qb3 exd4 10. cxd4 Qb6 11. Qa2 d5 12. exd5 Nxd5 13. Re1 N7f6 14. Ne4 Bb4 15. Bd2 Bxd2 16. Nfxd2 Qxd4 17. Nxf6+ Nxf6 18. Rad1 Bg4 19. Nf3 Qc5 20. Re3 b5 21. axb5 cxb5 22. Bf1 h6 23. Rde1 Be6 24. Rxe6 fxe6 25. Rxe6 Qd5 26.
Qxd5 Nxd5 27. Re5 Nc7 28. Rc5 Rfc8 29. Nd4 Kh8 30. Nxb5 Nxb5 31. Rxb5 Rcb8 32. b3 Rxb5 33. Bxb5 Rd8 34. g3 Rd2 35. Bc4 g5 36. Kg2 g4 37.
Be6 h5 38. Bf7 Rb2 39. h3 gxh3+ 40. Kxh3 Rxf2 41. Bxh5 Kg7 42. Bg4 Kf6 43. Bd7 Rb2 44. Ba4 Kg5 45. g4 Kf4 46. Kh4 Rh2# 0-1

[Event "Early-Titled-Tuesday-Blitz-October-03-2023"]
[Site "Chess.com"]
[Date "2023.10.03"]
[Round "1"]
[White "Itk04"]
[Black "tolimachess"]
[Result "1-0"]
[WhiteElo "2756"]
[BlackElo "2430"]
[TimeControl "180+1"]
[EndTime "8:07:36 PDT"]
[Termination "Itk04 won by checkmate"]

1. d4 c5 2. d5 d6 3. c4 e5 4. Nc3 f5 5. e4 Nf6 6. Bg5 Be7 7. Bxf6 Bxf6 8. Bd3 O-O 9. exf5 e4 10. Nxe4 Re8 11. Ne2 Bxb2 12. Rb1 Be5 13. O-O Bxf5 14. f4 Bxe4 15.
Bxe4 Bf6 16. Qd3 b6 17. Bxh7+ Kh8 18. Bg6 Nd7 19. Qh3+ Kg8 20. Qh7+ Kf8 21. Rbe1 Re3 22. Ng3 Bd4 23. Kh1 Qf6 24. Nh5 Qh4 25. Rxe3 Qxh5 26.
Bxh5 Bxe3 27. Qf5+ Ke7 28. Qe6+ Kd8 29. Qxe3 Nf6 30.
Bg6 Kc7 31. Qe7+ Kb8 32. Qxd6+ Kb7 33. Qe7+ Ka6 34. Qxg7 Rf8 35. Qxf8 Ng4 36. Qc8+ Ka5 37.
Qxg4 b5 38. Qd1 bxc4 39. Qc2 Kb6 40. f5 a5 41. f6 Kc7 42. f7 Kd6 43. f8=Q+ Kc7 44.
Qe7+ Kb6 45. Rf6+ Kb5 46. Be8+ Kb4 47. Qb7+ Ka3 48. Rf3+ c3 49. Rxc3# 1-0

[Event "Early-Titled-Tuesday-Blitz-October-03-2023"]
[Site "Chess.com"]
[Date "2023.10.03"]
[Round "1"]
[White "crazy_m_attack"]
[Black "Roman_Ovetchkin"]
[Result "0-1"]
[WhiteElo "2394"]
[BlackElo "2701"]
[TimeControl "180+1"]
[EndTime "8:07:36 PDT"]
[Termination "Roman_Ovetchkin won by resignation"]

1. e4 c6 2. d4 d5 3. Nc3 dxe4 4. Nxe4 Nf6 5. Nxf6+ exf6 6. Bc4 Bd6 7. Qe2+ Kf8 8. Nf3 h5 9. Be3 g6 10. O-O-O Kg7 11.
d5 c5 12. Nd2 f5 13. Nb3 Qc7 14.
Bd2 Nd7 15. Bc3+ Nf6 16. g3 a6 17. a4 Bd7 18. a5 Rae8 19. Qd2 Re4 20. Qg5 Be5 21.
d6 Qd8 22. Bxe5 Rxe5 23. Rhe1 Rxe1 24. Rxe1 Ne4 25. Qe3 Bc6 26. Nxc5 Nxd6 27. Bb3 Qf6 28. Rd1 Re8 29. Qd2 Ne4 30. Qf4 Nxc5 31. Rd6 Nxb3+ 32. cxb3 Qe5 33. Qd2 Qe1+ 34. Qxe1 Rxe1+ 35. Kd2 Re5 36. b4 Rd5+ 37. Rxd5 Bxd5 38. Kd3 Bc6 39. Kd4 Kf6 40. f4 Ke6 41. h4 Kd6 42. Kc4 Bb5+ 43. Kd4 f6 44. b3 Bf1 45. Ke3 Kd5 46. Kd2 Kd4 47. Ke1 Bd3 0-1

[Event "Early-Titled-Tuesday-Blitz-October-03-2023"]
[Site "Chess.com"]
[Date "2023.10.03"]
[Round "1"]
[White "Larina_Maria"]
[Black "mortngabriel"]
[Result "0-1"]
[WhiteElo "2210"]
[BlackElo "2573"]
[TimeControl "180+1"]
[EndTime "8:07:36 PDT"]
[Termination "mortngabriel won on time"]

1. e4 c5 2. Nc3 Nc6 3. g3 g6 4. Bg2 Bg7 5. d3 d6 6. Be3 Rb8 7. Qd2 b5 8. Nge2 b4 9. Nd1 e6 10. O-O a5 11. c3 Ba6 12. f4 Qc7 13. f5 Ne5 14. fxe6 fxe6 15. Nf4 Qe7 16. Bh3 Bc8 17. Qe2 Nf6 18. d4 cxd4 19. cxd4 Nc6 20. Qc4 Bd7 21. Nxe6 Nxe4 22. Nc7+ Kd8 23. Bxd7 Qxd7 24. Rf7 Qg4 25. Qxc6 Nxg3 26. hxg3 Qxg3+ 27. Qg2 Qe1+ 28.
Rf1 Qh4 29. Ne6+ Kd7 30. Nxg7 Rhf8 31. Nf2 Rf7 32. Qg4+ Qxg4+ 33. Nxg4 Rxg7 34. Rf6 Re8 35. Raf1 Kd8 36. Rxd6+ Kc7 37. Bf4 Kc8 38. Rc6+ Kb7 39. Rc5 Rd7 40. Rd1 Re4 41. Rf1 Rdxd4 42. Ne5 Rxf4 0-1

[Event "Early-Titled-Tuesday-Blitz-October-03-2023"]
[Site "Chess.com"]
[Date "2023.10.03"]
[Round "1"]
[White "ChessicallyInclined"]
[Black "AjedrezenMadrid"]
[Result "1-0"]
[WhiteElo "2811"]
[BlackElo "2459"]
[TimeControl "180+1"]
[EndTime "8:07:37 PDT"]
[Termination "ChessicallyInclined won on time"]

1. d4 Nf6 2. c4 b6 3. Nc3 Bb7 4. Qc2 d5 5. cxd5 Nxd5 6. e4 Nxc3 7.
bxc3 e5 8. Nf3 exd4 9. Bc4 Nc6 10. O-O d3 11. Qb3 Qe7 12. Bd5 f6 13. Qa4 Qd7 14.
Rd1 O-O-O 15. Rxd3 Bc5 16. Bf4 Kb8 17. Rad1 Ne5 18.
Qxd7 Nxf3+ 19. gxf3 Rxd7 20. Bxb7 Rxd3 21. Rxd3 Kxb7 22. Rd7 g5 23. Rxc7+ Ka6 24. Be3 Bxe3 25. fxe3 Rd8 26. Kf1 Rd2 27. Rxh7 Rxa2 28. Rf7 Rxh2 29. Rxf6 Kb7 30. Rf7+ Kc6 31. Rxa7 Rc2 32. Ra8 b5 33. Rc8+ Kb6 34. Ke1 b4 35. Rb8+ Kc5 36. cxb4+ Kc4 37. Rd8 Kxb4 38. Rd2 Rc3 39. Ke2 Ra3 40. Rd4+ Kc5 41.
Rd5+ Kc6 42. Rxg5 Kd6 43. f4 Ke6 44. Kf3 Ra1 45. Rg6+ Ke7 46. f5 Kf7 47. e5 Rf1+ 48. Ke4 Ra1 49. e6+ Ke7 50. Rg7+ Kf6 51. Rf7+ Kg5 52. e7 Ra4+ 53. Kf3 Ra5 54. e8=Q Rxf5+ 55. Rxf5+ 1-0

[Event "Early-Titled-Tuesday-Blitz-October-03-2023"]
[Site "Chess.com"]
[Date "2023.10.03"]
[Round "1"]
[White "kikoveiga"]
[Black "Kopytkin"]
[Result "0-1"]
[WhiteElo "2654"]
[BlackElo "2386"]
[TimeControl "180+1"]
[EndTime "8:07:40 PDT"]
[Termination "Kopytkin won on time"]

1. Nf3 Nf6 2. g3 g6 3. Bg2 Bg7 4. O-O O-O 5. c4 d6 6. d4 Nc6 7.
b3 Bg4 8. Bb2 Qc8 9. Nbd2 Bh3 10. d5 Nb8 11. e4 Bxg2 12. Kxg2 a5 13. Qc2 Nbd7 14. Rae1 c6 15. Qb1 cxd5 16. exd5 Re8 17. Nd4 Nc5 18. Nb5 Na6 19. Re2 Nc7 20. a4 Nxb5 21.
axb5 Nd7 22. Bxg7 Kxg7 23. Rfe1 Kf8 24. Qa1 f6 25. h4 Ne5 26. f4 Ng4 27. Nf3 a4 28.
Qb1 axb3 29. Qxb3 Qc5 30. h5 Ra3 31. Qb1 Ne3+ 32. Kh3 Nf5 33. Rf1 Qxc4 34. Re4 Qd3 35.
Qxd3 Rxd3 36. hxg6 hxg6 37. g4 Ne3 38. Re1 Nxd5 39.
Kg3 Kf7 40. g5 Rc8 41. gxf6 exf6 42. Rf1 Rcc3 43. Ra4 g5 44. fxg5 fxg5 45. Kg4 Kg6 46. Rf2 Nf6+ 0-1

[Event "Early-Titled-Tuesday-Blitz-October-03-2023"]
[Site "Chess.com"]
[Date "2023.10.03"]
[Round "1"]
[White "TokChess"]
[Black "Beca95"]
[Result "0-1"]
[WhiteElo "2508"]
[BlackElo "3020"]
[TimeControl "180+1"]
[EndTime "8:07:42 PDT"]
[Termination "Beca95 won on time"]

1. c4 e5 2. g3 Nf6 3. Bg2 h6 4. Nc3 Bb4 5. Qb3 a5 6. a3 Bxc3 7. Qxc3 d6 8. d3 O-O 9. e3 Re8 10. Ne2 a4 11. O-O Nbd7 12. b4 axb3 13. Qxb3 Nc5 14. Qc2 Bd7 15. e4 Ba4 16. Qc3 Nb3 17.
Rb1 Nxc1 18. Rfxc1 b6 19. h3 Bc6 20. Rf1 Nd7 21. f4 Nc5 22. Ra1 Ra5 23. Kh2 Qe7 24. Ng1 Rea8 25. Nf3 f6 26. Nh4 Bd7 27. Nf5 Qe8 28.
Ne3 Be6 29. h4 b5 30. Nd5 Bxd5 31. cxd5 Ra4 32. Bh3 R8a7 33. Bf5 Kh8 34. Kh3 Qa8 35. fxe5 fxe5 36. Bg6 Nd7 37. Rf7 Nf8 38. Bf5 b4 39. Qc2 bxa3 40. Qe2 c5 41. Qh5 Rxf7 42. Qxf7 Ra7 43.
Qh5 a2 44. g4 Ra3 45. g5 Rxd3+ 46. Kh2 Qa3 47. Bg4 Qb2+ 48. Be2 Re3 0-1

[Event "Early-Titled-Tuesday-Blitz-October-03-2023"]
[Site "Chess.com"]
[Date "2023.10.03"]
[Round "1"]
[White "Defenstrator"]
[Black "Leonid_Starozhilov"]
[Result "0-1"]
[WhiteElo "2432"]
[BlackElo "2758"]
[TimeControl "180+1"]
[EndTime "8:07:42 PDT"]
[Termination "Leonid_Starozhilov won on time"]

1. d4 Nf6 2. Bg5 c5 3. dxc5 Na6 4.
Bxf6 gxf6 5. Qd4 Qa5+ 6. Nc3 Qxc5 7. Nf3 Qxd4 8. Nxd4 Nc7 9. g3 a6 10. Bg2 e6 11.
O-O-O Rb8 12. Kb1 b5 13. e4 Bb7 14. Rhe1 Bc5 15. f4 Na8 16. Nb3 Bb6 17. Rd2 Ke7 18. Red1 Rhd8 19. a4 b4 20. Na2 a5 21. c3 Bc6 22.
cxb4 Bxa4 23. Rd3 Ba7 24. Nxa5 Bxd1 25. Rxd1 Nc7 26. e5 Nb5 27. Nb7 Rdc8 28. exf6+ Kxf6 29. Rxd7 Rc7 30. Rxc7 Nxc7 31. Nc3 Bd4 32. Ne4+ Ke7 33. Nec5 Nd5 34. Na5 Nxb4 35. Nd3 Kf6 36. Nxb4 Rxb4 37.
Nc6 Rxb2+ 38. Kc1 Rxg2 39. Nxd4 Rxh2 40. Kd1 Rg2 41. Ne2 Kf5 42. Ke1 Kg4 43. f5 Rxe2+ 0-1